 Dungeon Crawl Stone Soup version 0.19-a0-1834-g6b7851e (webtiles) character file.

5947 hairmachine the Basher (level 10, -10/96 HPs)
             Began as a Gargoyle Monk on Oct 9, 2016.
             Was a High Priest of Elyvilon.
             Killed from afar by Erolcha (17 damage)
             ... with a bolt of lightning
             ... on level 10 of the Dungeon.
             The game lasted 00:45:31 (12110 turns).

hairmachine the Basher (Gargoyle Monk)             Turns: 12110, Time: 00:45:32

Health: -10/96     AC: 25    Str: 20    XL:     10   Next: 84%
Magic:  8/10       EV:  2    Int: 16    God:    Elyvilon [*****.]
Gold:   531        SH:  0    Dex: 17    Spells: 0 memorised, 9 levels left

rFire  . . .     SeeInvis .     x - +5 war axe "Rufraa" {flame, rC+ Str+3 Dex+4}
rCold  + + .     Gourm    .     (armour currently unavailable)
rNeg   + + +     Faith    .     (no shield)
rPois  ∞         Spirit   .     (helmet currently unavailable)
rElec  .         Dismiss  .     (cloak currently unavailable)
rCorr  .         Reflect  .     (gloves currently unavailable)
MR     .....     Harm     .     (boots currently unavailable)
Stlth  ++........ NoTele   +    p - amulet of regeneration
                                (no ring)
                                m - ring of protection from cold

@: brilliant, tree-form
A: negative energy resistance 1, (electricity resistance), (unbreathing),
petrification resistance, rot immunity, AC +7
a: Lesser Healing, Heal Other, Purification, Greater Healing, Divine Vigour,
Divine Protection, Renounce Religion


You were on level 10 of the Dungeon.
You worshipped Elyvilon.
Elyvilon was extremely pleased with you.
You were very hungry.
You were a tree.
You visited 1 branch of the dungeon, and saw 10 of its levels.
You also visited: Ossuary.

You collected 531 gold pieces.

Inventory:

Hand Weapons
 t - a +3 blowgun
 x - the +5 war axe "Rufraa" (weapon) {flame, rC+ Str+3 Dex+4}
   (You took it off a centaur on level 6 of the Dungeon)

   It has been specially enchanted to burn those struck by it, causing extra
   injury to most foes and up to half again as much damage against particularly
   susceptible opponents.
   Big, fiery blades are also staple armaments of hydra-hunters.
   It affects your strength (+3).
   It affects your dexterity (+4).
   It protects you from cold.
 C - a +0 battleaxe of chopping
 I - a +1 morningstar of protection
 O - a +0 hand crossbow
Missiles
 d - 258 stones (quivered)
 v - 6 curare-tipped needles
 P - 28 bolts
Armour
 k - a +1 ice dragon armour
 q - a +0 plate armour (melded)
 G - a +1 cloak (melded)
 K - a +0 helmet (melded)
Jewellery
 m - a ring of protection from cold (left branch)
 p - an amulet of regeneration (around neck)
Wands
 f - a wand of slowing (32/48)
 H - a wand of digging (12/24)
 L - a wand of slowing (19/48)
 R - a wand of polymorph (17/24)
Scrolls
 b - 5 scrolls of identify
 h - 5 scrolls of magic mapping
 i - 2 scrolls of enchant armour
 l - 5 scrolls of remove curse
 r - 2 scrolls of teleportation {unknown}
 s - a scroll of random uselessness
 u - a scroll of amnesia {unknown}
 w - a scroll of vulnerability {unknown}
 y - a scroll of fog
 J - 2 scrolls of recharging {unknown}
Potions
 e - 4 potions of brilliance
 g - a potion of flight
 o - 4 potions of curing
 B - a potion of haste {unknown}
 E - 2 potions of lignification
 F - 2 potions of cancellation {unknown}
 Q - 2 potions of degeneration {unknown}
Books
 a - a book of Minor Magic

   Spells                             Type                      Level
   a - Magic Dart                     Conjuration                  1
   b - Blink                          Translocation                2
   c - Call Imp                       Summoning                    2
   d - Repel Missiles                 Charms/Air                   2
   e - Slow                           Hexes                        2
   f - Conjure Flame                  Conjuration/Fire             3
   g - Mephitic Cloud                 Conjuration/Poison/Air       3
 N - a book of Flames

   Spells                             Type                      Level
   a - Flame Tongue                   Conjuration/Fire             1
   b - Throw Flame                    Conjuration/Fire             2
   c - Conjure Flame                  Conjuration/Fire             3
   d - Inner Flame                    Hexes/Fire                   3
   e - Sticky Flame                   Conjuration/Fire             4
   f - Fireball                       Conjuration/Fire             5
Comestibles
 c - 9 bread rations
 j - 5 fruits
 n - 9 slices of pizza
 z - 2 royal jellies
 A - a beef jerky
 D - 4 meat rations


   Skills:
 + Level 7.8 Fighting
 + Level 6.9(9.5) Axes
 - Level 11.1(12.0) Maces & Flails
 + Level 6.7 Armour
 - Level 2.4 Dodging
 - Level 2.1 Stealth


You had 9 spell levels left.
You didn't know any spells.

Dungeon Overview and Level Annotations

Branches:
Dungeon (10/15)            Temple (0/1) D:6             Orc (0/2) D:9
   Lair: D:8-11

Altars:
Ashenzari
Elyvilon
Gozag
Qazlal
Sif Muna
Xom
Yredelemnul
Zin

Annotations:
D:10 Erolcha


Innate Abilities, Weirdness & Mutations

You are resistant to torment.
((Your stone body is resilient. (AC +7)))
You are immune to poison.
You resist negative energy. (rN+)
((You are resistant to electric shocks. (rElec)))
((You can survive without breathing.))
You are immune to petrification.
You are immune to rotting.


Message History

You feel clever all of a sudden. Something hits you.
It was a potion of lignification.
You turn into a tree.
Your +1 cloak melds into your body.
Your +0 helmet melds into your body.
Your +0 plate armour melds into your body.
Your roots penetrate the ground.
You hear some strange, mumbled words.
A bolt of lightning appears from out of thin air!
Helpless, you fail to dodge the bolt of lightning.
* * * LOW HITPOINT WARNING * * *
You hit something. You burn something.
You hear some strange, mumbled words.
A stone arrow appears from out of thin air!
The stone arrow hits you!
* * * LOW HITPOINT WARNING * * *
You are healed.
You feel somewhat more hungry.
You hear some strange, mumbled words.
A bolt of lightning appears from out of thin air!
The bolt of lightning hits you!
You die...

#.....#..................§.
##....#....................
#....##...................
#.........................
#........................?
#.........................
#.........................
#.......{###...........#..
##.......♣....>........#..
#...................... #
###.............#
#.............#
####....#......
##...#...... #...#......
##### ...## ####


There were no monsters in sight!

Vanquished Creatures
  The ghost of Nattefrost the Spear-Bearer, a novice MfGl of Ru (D:6)
  A troll (D:9)
  A two-headed ogre (D:9)
  2 hippogriffs
  A spriggan (D:9)
  A wyvern (D:6)
  A wraith (D:9)
  A yak (D:9)
  2 steam dragons
  A hungry ghost (D:8)
  An orc warrior (D:8)
  3 ice beasts
  2 phantoms
  3 ogres
  3 centaurs
  A crocodile (D:8)
  The ghost of barakagiga the Vexing, an amateur DEEn of Sif Muna (D:4)
  5 bullfrogs
  A wyvern skeleton (D:8)
  3 scorpions
  3 troll zombies (D:9)
  5 wights (D:4)
  An electric eel (D:6)
  7 crimson imps
  5 centaur zombies
  2 bullfrog zombies
  5 hounds
  3 jellies
  A bullfrog skeleton (D:4)
  A centaur skeleton (D:4)
  3 orc priests (D:9)
  5 iguanas
  Ijyb (D:2)
  7 orc wizards
  2 worker ants
  Terence (D:2)
  3 big kobold zombies (Ossuary)
  5 ogre zombies (D:9)
  5 hound zombies (Ossuary)
  4 mummies
  Robin (D:3)
  3 gnolls
  A howler monkey skeleton (D:8)
  8 adders
  A shadow imp (D:8)
  An ooze (D:2)
  7 adder zombies
  2 adder skeletons
  A worm (D:3)
  4 dart slugs
  2 leopard geckos (D:6)
  23 orcs
  8 giant cockroaches
  A gnoll zombie (Ossuary)
  13 goblins
  15 hobgoblins
  12 jackals
  6 kobolds
  4 quokkas
  3 ball pythons
  A ball python skeleton (D:4)
  4 bats
  8 frilled lizards
  A goblin skeleton (D:9)
  4 goblin zombies
  7 hobgoblin zombies
  2 jackal zombies (Ossuary)
  6 kobold zombies
  2 leopard gecko skeletons
  3 orc skeletons (D:9)
  15 orc zombies
  A quokka zombie (Ossuary)
  6 rats
  5 rat zombies (Ossuary)
285 creatures vanquished.

Vanquished Creatures (others)
  A bullfrog (D:6)
  A quokka (D:3)
2 creatures vanquished.

Grand Total: 287 creatures vanquished

Notes
Turn   | Place    | Note
-------+----------+-------------------------------------------
     0 | D:1      | hairmachine the Gargoyle Monk began the quest for the Orb.
     0 | D:1      | Reached XP level 1. HP: 14/14 MP: 1/1
   391 | D:1      | Reached XP level 2. HP: 19/19 MP: 2/2
   930 | D:1      | Reached skill level 4 in Maces & Flails
   984 | D:1      | Reached XP level 3. HP: 23/23 MP: 3/3
  1441 | D:2      | Noticed Terence
  1478 | D:2      | Killed Terence
  1478 | D:2      | Reached XP level 4. HP: 23/28 MP: 4/4
  1913 | D:2      | Reached skill level 5 in Maces & Flails
  1934 | D:2      | Found a faded altar of an unknown god.
  2106 | D:2      | Noticed Ijyb
  2121 | D:2      | Killed Ijyb
  2308 | D:3      | Found a shimmering altar of Xom.
  2311 | D:3      | Found an opulent altar of Gozag.
  2403 | D:3      | Reached XP level 5. HP: 32/32 MP: 5/5
  2736 | D:3      | Noticed Robin
  2998 | D:3      | Killed Robin
  3096 | D:3      | Found a deep blue altar of Sif Muna.
  3341 | D:3      | Found a white marble altar of Elyvilon.
  3499 | D:3      | Became a worshipper of Elyvilon the Healer
  3499 | D:3      | Reached * piety under Elyvilon
  3499 | D:3      | Reached ** piety under Elyvilon
  3569 | D:4      | You fall through a shaft for 2 floors!
  3598 | D:6      | Reached skill level 6 in Maces & Flails
  3631 | D:6      | Noticed Nattefrost's ghost (novice MfGl)
  3678 | D:5      | Entered Level 5 of the Dungeon
  3847 | D:5      | Noticed an ice beast
  3883 | D:5      | Killed an ice beast
  3883 | D:5      | Reached XP level 6. HP: 33/37 MP: 6/6
  3932 | D:5      | Found a sand-covered staircase.
  3954 | Ossuary  | Entered an ossuary
  4007 | Ossuary  | Reached skill level 7 in Maces & Flails
  4313 | Ossuary  | Reached XP level 7. HP: 26/41 MP: 5/7
  4712 | Ossuary  | Reached skill level 8 in Maces & Flails
  5663 | D:5      | Reached skill level 9 in Maces & Flails
  5825 | D:5      | Reached XP level 8. HP: 43/46 MP: 8/8
  6174 | D:3      | Found a glowing silver altar of Zin.
  6262 | D:4      | Reached *** piety under Elyvilon
  6283 | D:4      | Reached skill level 1 in Armour
  6370 | D:4      | Noticed barakagiga's ghost (amateur DEEn)
  6390 | D:4      | Killed barakagiga's ghost
  6685 | D:4      | Reached skill level 10 in Maces & Flails
  7000 | D:5      | HP: 1/48 [steam dragon/ball of steam (25)]
  7199 | D:5      | Reached XP level 9. HP: 34/53 MP: 9/9
  7302 | D:5      | Reached skill level 5 in Fighting
  8069 | D:6      | Found a staircase to the Ecumenical Temple.
  8191 | D:6      | Reached skill level 11 in Maces & Flails
  8261 | D:6      | Got an uncursed fine war axe {flame}
  8265 | D:6      | Identified the +5 war axe "Rufraa" {flame, rC+ Str+3 Dex+4} (You took it off a centaur on level 6 of the Dungeon)
  8290 | D:6      | Killed Nattefrost's ghost
  8443 | D:6      | Reached skill level 1 in Axes
  8555 | D:6      | Reached skill level 5 in Armour
  8738 | D:7      | Reached **** piety under Elyvilon
  9562 | D:8      | Reached ***** piety under Elyvilon
  9629 | D:8      | Found a shattered altar of Ashenzari.
  9741 | D:8      | Reached XP level 10. HP: 61/61 MP: 10/10
  9784 | D:8      | Found a basalt altar of Yredelemnul.
 10437 | D:8      | Found a stormy altar of Qazlal.
 11119 | D:9      | Reached skill level 5 in Axes
 11327 | D:9      | Found a staircase to the Orcish Mines.
 11981 | D:10     | Entered Level 10 of the Dungeon
 12089 | D:10     | Noticed Erolcha
 12109 | D:10     | HP: 2/96 [something/stone arrow (24)]
 12110 | D:10     | Killed from afar by Erolcha

Vault maps used:
D:1:      dpeg_arrival_simpleton_a, minmay_tromino_mix6
D:2:      ecumenical_altar_1, minivault_14, hangedman_decor_push, st_stairs_13,
          kennysheep_generic_room_15, uniq_terence, uniq_iyjb
D:3:      elyvilon_altar_4, lemuel_round_altar, nicolae_overflow_hidden_temple,
          minmay_misc_feat_encased, uniq_robin
D:4:      first_bread
D:5:      kennysheep_steamy, enter_ossuary_4
D:6:      lemuel_ice_spiral_2, serial_glass, glass_columns_c, glass_columns_a,
          kennysheep_opposing_triangles
D:7:      minmay_mini_ossuary
D:8:      marbit_many_paths, yredelemnul_altar_generic,
          nicolae_ashenzari_panopticon, hangedman_decor_slide_cut
D:9:      zombieorc2_lemuel, grunt_pizzeria
D:10:     lightli_fourway_metalbox, uniq_erolcha
Ossuary:  minmay_ossuary_two_tombs

Skill      XL: |  1  2  3  4  5  6  7  8  9 10 |
---------------+-------------------------------+-----
Maces & Flails | 4 5 6 7 9 10 11 | 11.1
Armour         | 2 5 6 |  6.7
Fighting       | 4 6 7 |  7.8
Axes           | 3 6 |  6.9
Dodging        | |  2.4
Stealth        | |  2.1

Action                   |  1- 3 |  4- 6 |  7- 9 | 10-12 || total
-------------------------+-------+-------+-------+-------++-------
Melee: Mace              |    97 |   329 |   478 |       ||   904
       Flail             |       |       |    86 |       ||    86
       War axe           |       |       |    72 |   236 ||   308
 Fire: Blowgun           |       |     1 |       |       ||     1
Throw: Stone             |     5 |       |    13 |     1 ||    19
Invok: Lesser Healing    |       |     2 |     2 |     3 ||     7
  Use: Scroll            |     1 |     6 |     2 |       ||     9
       Potion            |       |     4 |     3 |     2 ||     9
 Stab: Sleeping          |     1 |       |       |       ||     1
  Eat: Chunk             |     2 |    17 |    12 |     9 ||    40
Armor: Ice dragon armour |    41 |   192 |   219 |       ||   452
       Robe              |     1 |       |       |       ||     1
       Plate armour      |       |       |   110 |   142 ||   252
Dodge: Dodged            |    37 |   144 |   203 |    69 ||   453
